 Dungeon Crawl Stone Soup version 0.22-a0-833-g8522bf8 (webtiles) character file.

58 iamserjio the Insei (level 3, 0/33 HPs)
             Began as a Draconian Monk on July 25, 2018.
             Was a Believer of Yredelemnul.
             Slain by an orc
             ... wielding a +1 falchion of electrocution
              (6 damage)
             ... on level 3 of the Dungeon.
             The game lasted 00:06:02 (876 turns).

iamserjio the Insei (Draconian Monk)                 Turns: 876, Time: 00:06:03

Health: 0/33       AC:  5    Str: 13    XL:     3   Next: 75%
Magic:  3/3        EV: 13    Int: 11    God:    Yredelemnul [**....]
Gold:   96         SH:  0    Dex: 13    Spells: 2/2 levels left

rFire    . . .     SeeInvis .     - Unarmed
rCold    . . .     Gourm    .   (no shield)
rNeg     . . .     Faith    .   (armour unavailable)
rPois    .         Spirit   .   (helmet restricted)
rElec    .         Reflect  .   (no cloak)
rCorr    .         Harm     .   (no gloves)
MR       .....                  (no boots)
Stlth    ++........             (no amulet)
HPRegen  0.11/turn              (no ring)
MPRegen  0.08/turn              (no ring)

@: very slightly contaminated, invisible
A: unfitting armour, cold-blooded, AC +5
a: Animate Remains, Recall Undead Slaves, Injury Mirror, Renounce Religion


You were on level 3 of the Dungeon.
You worshipped Yredelemnul.
Yredelemnul was pleased with you.
You were not hungry.

You visited 1 branch of the dungeon, and saw 4 of its levels.

You collected 96 gold pieces.

Inventory:

Hand Weapons
 k - a +1 hunting sling of freezing
Missiles
 h - 12 arrows
Jewellery
 f - an uncursed ring of fire
Scrolls
 b - 2 scrolls of remove curse {unknown}
 c - a scroll of identify {unknown}
 e - 2 scrolls of teleportation {unknown}
 j - a scroll of enchant armour {unknown}
Potions
 g - 2 potions of might {unknown}
 i - a potion of degeneration {unknown}
Comestibles
 a - 5 rations


   Skills:
 + Level 4.0 Fighting
 - Level 2.6 Dodging
 - Level 1.7 Stealth
 * Level 4.3 Unarmed Combat


You had 2 spell levels left.
You didn't know any spells.
Your spell library was empty.

Dungeon Overview and Level Annotations

Branches:
Dungeon (4/15)
 Temple: D:4-7

Altars:
Dithmenos
Yredelemnul


Innate Abilities, Weirdness & Mutations

Your plain brown scales are hard. (AC +5)
You cannot fit into any form of body armour.
You are cold-blooded and may be slowed by cold attacks.


Message History

The worker ant twitches its antennae in your direction.
You hear a shout! x2
There is a stone staircase leading up here.
You climb upwards.
A hobgoblin comes into view. It is wielding a hand axe.
Something hits you but does no damage. Something hits you.
There is a stone staircase leading down here.
Something hits you.
You barely miss something. You tail-slap something. You hit something.
Something hits you.
You are electrocuted!
Ouch! That really hurt!
* * * LOW HITPOINT WARNING * * *
You fade into invisibility!
Something hits you.
* * * LOW HITPOINT WARNING * * *
You are very lightly contaminated with residual magic.
You barely miss something. Something hits you.
You die...
Your body rises from the dead as a mindless zombie.

####. #<#.......#
....##.#.#####.#####..
...#.#.#....>....g..
###.#.#.#.###.#...#..
#.......#)# #.#.#.#
#....####.# #.#.# #
#....'....# #K#.#
#....###### #.#.#.#
#....# #.@...# #....#
###.### #....# .#
###### .# .$ ##


You could see a kobold.

Vanquished Creatures
  An adder (D:2)
  An ooze (D:2)
  3 dart slugs (D:1)
  2 leopard geckos
  An orc (D:3)
  A giant cockroach (D:2)
  6 goblins
  6 hobgoblins
  6 kobolds
  3 bats
  A frilled lizard (D:2)
  2 rats
33 creatures vanquished.

Notes
Turn   | Place    | Note
-------+----------+-------------------------------------------
     0 | D:1      | iamserjio the Draconian Monk began the quest for the Orb.
     0 | D:1      | Reached XP level 1. HP: 19/19 MP: 1/1
    98 | D:1      | Reached XP level 2. HP: 14/26 MP: 2/2
   383 | D:2      | Found a shadowy altar of Dithmenos.
   410 | D:2      | Reached XP level 3. HP: 33/33 MP: 3/3
   542 | D:2      | Found a basalt altar of Yredelemnul.
   553 | D:2      | Became a worshipper of Yredelemnul the Dark
   553 | D:2      | Reached * piety under Yredelemnul
   553 | D:2      | Reached ** piety under Yredelemnul
   876 | D:3      | Slain by an orc

Vault maps used:
D:1:      tarquinn_simple_flora_water_a, glass_columns_c
D:2:      nicolae_dithmenos_through_a_glass_darkly, old_standard_altar
D:3:      serial_glass, glass_columns_c, glass_columns_a, uniq_jessica
D:4:      minmay_temple_entry_grid

Skill      XL: |  1  2  3 |
---------------+----------+-----
Unarmed Combat | 4 |  4.3
Fighting       | 4 |  4.0
Dodging        | |  2.6
Stealth        | |  1.7

Action                   || total
-------------------------++-------
Melee: Unarmed           ||   119
       Tailslap          ||    16
  Use: Potion            ||     1
 Stab: Sleeping          ||     3
Armor: Skin              ||    24
Dodge: Dodged            ||    53

Table legend:
 A = Spawn XP
 B = Non-spawn XP
 C = Spawn XP percentage of total XP
 D = Spawn monster count
 E = Non-spawn monster count
 F = Spawn count percentage of total count
 G = Total turns spent on level
                    A         B        C        D         E        F      G
               +---------+---------+-------+---------+---------+-------+---------
         Total |       0 |      83 |   0.0 |       0 |      33 |   0.0 |   876
               +---------+---------+-------+---------+---------+-------+---------
           D:1 |       0 |      38 |   0.0 |       0 |      18 |   0.0 |   317
           D:2 |       0 |      40 |   0.0 |       0 |      13 |   0.0 |   432
           D:3 |       0 |       5 |   0.0 |       0 |       2 |   0.0 |   125
               +---------+---------+-------+---------+---------+-------+---------
